 Dungeon Crawl Stone Soup version 0.24-a0-784-g601f8f6d22 (webtiles) character file.

Game seed: 17151670791169134576, levelgen mode: deterministic

86 Johnny the Digger (level 4, 0/34 HPs)
             Began as a Demigod Earth Elementalist on Oct 9, 2019.
             Slain by a goblin
             ... wielding a +0 club
             ... led by Robin
              (4 damage)
             ... on level 2 of the Dungeon.
             The game lasted 00:02:10 (1871 turns).

Johnny the Digger (Demigod Earth Elementalist)      Turns: 1871, Time: 00:02:10

Health: 0/34       AC:  2    Str: 11    XL:     4   Next: 5%
Magic:  10/10      EV: 13    Int: 21    God:
Gold:   136        SH:  0    Dex: 16    Spells: 6/7 levels left

rFire    + . .     SeeInvis .   m - +0 club
rCold    . . .     Gourm    .   (no shield)
rNeg     . . .     Faith    .   c - +0 robe
rPois    .         Spirit   .   (no helmet)
rElec    .         Reflect  .   (no cloak)
rCorr    .         Harm     .   (no gloves)
MR       +....                  (no boots)
Stlth    ++........             (no amulet)
HPRegen  0.11/turn              e - ring of protection from magic
MPRegen  0.12/turn              j - ring of protection from fire

@: no status effects
A: high mp 1
a: no special abilities


You were on level 2 of the Dungeon.
You were not hungry.

You visited 1 branch of the dungeon, and saw 2 of its levels.

You collected 136 gold pieces.

Inventory:

Hand Weapons
 f - a +1 dagger of freezing
 m - a +0 club (weapon)
Armour
 a - a +0 pair of gloves
 c - a +0 robe (worn)
Jewellery
 e - a ring of protection from magic (left hand)
 j - a ring of protection from fire (right hand)
Scrolls
 b - a scroll of fog {unknown}
 k - a scroll of magic mapping {unknown}
 l - a scroll of remove curse {unknown}
 n - 2 scrolls of blinking {unknown}
 o - 2 scrolls of identify {unknown}
 p - a scroll of immolation {unknown}
Comestibles
 d - 3 rations


   Skills:
 + Level 0.5 Fighting
 + Level 0.5 Maces & Flails
 + Level 2.0 Dodging
 + Level 2.2 Stealth
 + Level 1.0 Unarmed Combat
 + Level 2.3 Spellcasting
   Level 0.8 Transmutations
 + Level 3.4 Earth Magic


You had 6 spell levels left.
You knew the following spells:

 Your Spells              Type           Power        Failure   Level  Hunger
a - Sandblast             Erth           ###...       3%          1    #......

Your spell library contained the following spells:

 Spells                   Type           Power        Failure   Level  Hunger
 Passwall                 Tmut/Erth      ##......     9%          2    ##.....
 Stone Arrow              Conj/Erth      #.....       22%         3    ###....
 Petrify                  Tmut/Erth      ##......     52%         4    #####..
 Lee's Rapid Deconstruct  Erth           ###.......   67%         5    ######.


Dungeon Overview and Level Annotations

Branches:
Dungeon (2/15)

Annotations:
D:2 Robin


Innate Abilities, Weirdness & Mutations

You have an increased reservoir of magic. (+10% MP)


Message History

A goblin comes into view. It is wielding a +0 dagger.
The goblin shouts!
Robin roars a battlecry!
The goblin goes into a battle-frenzy!
The goblin no longer looks unusually strong.
Robin roars a battlecry!
The goblins go into a battle-frenzy!
The goblin shouts!
You hit the goblin but do no damage. The goblin barely misses you.
The goblin hits you with a +0 dagger. The goblin closely misses you.
The goblin hits you but does no damage. The goblin misses you.
Robin throws the goblin at you! The goblin closely misses you. x2
You hit the goblin.
You kill the goblin!
The goblin hits you but does no damage. The hobgoblin hits you!
* * * LOW HITPOINT WARNING * * *
The goblin misses you. The goblin hits you with a +0 club.
You die...

##### #.# #. #...# #.#
## #...# #.# ##..
#...#####)# .#...##
#......##)### .......
#...........#
##.....###...)......(#
............##.....).#
#.....##.@..........####
#.....##gg.............#
#.......gg...###.......#
#............# #.......#
#####......).###.......#
#####......#.......#
#......#.......#
#......##'######
#......##<#


You could see Robin, a hobgoblin and 2 goblins.

Vanquished Creatures
  Terence (D:2)
  An ooze (D:2)
  A worm (D:2)
  3 dart slugs (D:1)
  4 leopard geckos
  2 giant cockroaches (D:2)
  6 goblins
  6 hobgoblins
  3 jackals (D:1)
  3 kobolds
  4 ball pythons (D:1)
  7 bats
  A frilled lizard (D:1)
  4 rats
46 creatures vanquished.

Notes
Turn   | Place    | Note
-------+----------+-------------------------------------------
     0 | D:1      | Johnny the Demigod Earth Elementalist began the quest for
                  | the Orb.
     0 | D:1      | Reached XP level 1. HP: 14/14 MP: 5/5
   252 | D:1      | Reached XP level 2. HP: 14/20 MP: 7/7
   282 | D:1      | Reached skill level 3 in Earth Magic
   402 | D:1      | You fall into a shaft and drop 1 floor!
   485 | D:2      | Noticed Robin
   724 | D:1      | Reached XP level 3. HP: 26/27 MP: 6/8
  1384 | D:2      | Noticed Terence
  1406 | D:2      | Killed Terence
  1406 | D:2      | Reached skill level 1 in Unarmed Combat
  1411 | D:2      | Reached XP level 4. HP: 3/34 MP: 8/10
  1871 | D:2      | Slain by a goblin

Levels and vault maps discovered:
D:1:      minmay_arrival_radiant_lines, layout_basic
D:2:      layout_basic, lightli_temple_of_fire, uniq_terence, uniq_robin

Skill      XL: |  1  2  3 |
---------------+----------+-----
Spellcasting   | 2 |  2.3
Earth Magic    | 3 |  3.4
Stealth        | 2 |  2.2
Dodging        | 2 |  2.0
Unarmed Combat | 1 |  1.0
Fighting       | |  0.5
Maces & Flails | |  0.5
Transmutations | |  0.8

Action                   |  1- 3 |  4- 6 || total
-------------------------+-------+-------++-------
Melee: Unarmed           |    73 |       ||    73
       Club              |    22 |     9 ||    31
 Cast: Sandblast         |    30 |       ||    30
  Use: Potion            |     4 |       ||     4
 Stab: Sleeping          |     5 |       ||     5
  Eat: Chunk             |     2 |     1 ||     3
Armor: Robe              |    34 |     2 ||    36
Dodge: Dodged            |   102 |    16 ||   118

Table legend:
 A = Non-vault XP
 B = Vault XP
 C = Vault XP percentage of total XP
 D = Non-vault monster count
 E = Vault monster count
 F = Vault count percentage of total count
                 A         B        C        D         E       F
            +---------+---------+-------+---------+---------+-------
      Total |      84 |      39 |  31.7 |      40 |       6 |  13.0
            +---------+---------+-------+---------+---------+-------
        D:1 |      46 |       2 |   4.2 |      25 |       1 |   3.8
        D:2 |      38 |      37 |  49.3 |      15 |       5 |  25.0
            +---------+---------+-------+---------+---------+-------
